 Dungeon Crawl Stone Soup version 0.21-a0-471-gd587bd5 (webtiles) character file.

39 tof the Sneak (level 3, 0/18 HPs)
             Began as a Spriggan Assassin on Nov 21, 2017.
             Succumbed to an adder's poison
             ... on level 2 of the Dungeon.
             The game lasted 00:01:40 (1270 turns).

tof the Sneak (Spriggan Assassin)                   Turns: 1270, Time: 00:01:41

Health: 0/18       AC:  3    Str:  7    XL:     3   Next: 28%
Magic:  4/4        EV: 18    Int: 12    God:
Gold:   83         SH:  0    Dex: 18    Spells: 2/2 levels left

rFire    . . .     SeeInvis +   a - +2 dagger
rCold    . . .     Gourm    .   (shield restricted)
rNeg     . . .     Faith    .   c - +0 robe
rPois    .         Spirit   .   (helmet restricted)
rElec    .         Reflect  .   d - +0 cloak
rCorr    .         Harm     .   (gloves unavailable)
MR       .....                  (boots unavailable)
Stlth    +++.......             (no amulet)
HPRegen  0.06/turn              (no ring)
MPRegen  0.09/turn              (no ring)

@: lethally poisoned (0 -> -5), very quick
A: unfitting armour, see invisible, herbivore 3, speed 3, slow metabolism 2
a: no special abilities


You were on level 2 of the Dungeon.
You were not hungry.

You visited 1 branch of the dungeon, and saw 2 of its levels.

You collected 83 gold pieces.

Inventory:

Hand Weapons
 a - a +2 dagger (weapon)
 b - a +0 blowgun
Missiles
 e - 23 poisoned needles
 f - 2 curare-tipped needles
Armour
 c - a +0 robe (worn)
 d - a +0 cloak (worn)
Scrolls
 i - a scroll of identify {unknown}
Potions
 k - a potion of berserk rage {unknown}
Comestibles
 g - a bread ration
 h - a royal jelly
 j - 3 fruits


   Skills:
 + Level 1.9 Fighting
 * Level 2.9 Short Blades
 + Level 2.3 Throwing
 + Level 2.4 Dodging
 + Level 6.1 Stealth


You had 2 spell levels left.
You didn't know any spells.

Dungeon Overview and Level Annotations

Branches:
Dungeon (2/15)

Altars:


Innate Abilities, Weirdness & Mutations

You are very small and have problems with some larger weapons.
You are too small for most types of armour.
You have supernaturally acute eyesight. (SInv)
You are a herbivore.
You cover ground extremely quickly.
You need consume almost no food.


Message History

The adder is heavily wounded.
The bat hits you but does no damage. The adder barely misses you.
The adder bites you but does no damage.
You hit the adder.
The adder is almost dead.
* * * LOW HITPOINT WARNING * * *
You feel sick. The adder completely misses you. The bat completely misses you.
You closely miss the adder.
The adder is almost dead.
The bat misses you. The bat hits you but does no damage. The adder misses you.
You closely miss the adder.
The adder is almost dead.
The bat misses you. The adder misses you.
You closely miss the adder.
The adder is almost dead.
The adder bites you but does no damage.
You hit the adder.
You kill the adder!
The bat misses you.
You die...

# #. #### #.. .. ##.
#.. ..# .# ...#.# #.#
#.#### #.#.# #..
....$ # #...#
#.###...###. #. ###.#
#........... ..
#..<####..##.b....#
#.#.####....@....#
#...####>#...........
##....<..#...........
#..##.#####........#
..........#
..###..###
##########.#..## ..#
.... .# .#. .# .# ..


You could see a bat.

Vanquished Creatures
  An adder (D:2)
  A worm (D:2)
  2 dart slugs (D:1)
  4 bats (D:1)
  A giant cockroach (D:1)
  A goblin (D:1)
  4 hobgoblins (D:1)
  2 jackals (D:1)
  4 kobolds (D:1)
  2 frilled lizards (D:1)
  2 rats (D:1)
24 creatures vanquished.

Notes
Turn   | Place    | Note
-------+----------+-------------------------------------------
     0 | D:1      | tof the Spriggan Assassin began the quest for the Orb.
     0 | D:1      | Reached XP level 1. HP: 10/10 MP: 2/2
   380 | D:1      | Reached skill level 6 in Stealth
   394 | D:1      | Reached XP level 2. HP: 15/15 MP: 3/3
  1259 | D:2      | Reached XP level 3. HP: 5/18 MP: 4/4
  1270 | D:2      | Succumbed to an adder's poison

Vault maps used:
D:1:      lemuel_arrival_muddy
D:2:      fedhas_altar_1, first_bread, xom_teletrap_fun, uniq_jessica

Skill      XL: |  1 |
---------------+----+-----
Stealth        | 6 |  6.1
Dodging        | 2 |  2.4
Fighting       | |  1.9
Short Blades   | |  2.9
Throwing       | |  2.3

Action                   || total
-------------------------++-------
Melee: Dagger            ||    80
 Stab: Sleeping          ||    10
Armor: Robe              ||    11
Dodge: Dodged            ||    78

Table legend:
 A = Spawn XP
 B = Non-spawn XP
 C = Spawn XP percentage of total XP
 D = Spawn monster count
 E = Non-spawn monster count
 F = Spawn count percentage of total count
 G = Total turns spent on level
                    A         B        C        D         E        F      G
               +---------+---------+-------+---------+---------+-------+---------
         Total |       0 |      57 |   0.0 |       0 |      24 |   0.0 |  1270
               +---------+---------+-------+---------+---------+-------+---------
           D:1 |       0 |      39 |   0.0 |       0 |      22 |   0.0 |  1224
           D:2 |       0 |      18 |   0.0 |       0 |       2 |   0.0 |    46
               +---------+---------+-------+---------+---------+-------+---------
